 Dungeon Crawl Stone Soup version 0.30-a0-354-g6b83867211 (webtiles) character file.

Game seed: 1351503591825299350

505 Maxmaps the Cudgeller (level 7, -6/70 HPs)
             Began as an Ogre Monk on Nov 8, 2022.
             Killed by divine providence
             ... invoked by an orc priest
              (14 damage)
             ... on level 5 of the Dungeon.
             The game lasted 00:03:48 (4889 turns).

Maxmaps the Cudgeller (Ogre Monk)                   Turns: 4889, Time: 00:03:48

Health: -6/70      AC:  4    Str: 16    XL:     7   Next: 18%
Magic:  7/7        EV: 10    Int: 13    God:
Gold:   187        SH:  0    Dex: 11    Spells: 6/6 levels left

rFire   . . .      SeeInvis .    a - +0 mace
rCold   . . .      Faith    .    (no shield)
rNeg    . . .      Spirit   .    b - +0 robe
rPois   .          Reflect  .    (helmet restricted)
rElec   .          Harm     .    n - +0 cloak
rCorr   .          Rampage  .    (gloves unavailable)
Will    .....                    (boots unavailable)
Stlth   ++........               (no amulet)
HPRegen 0.31/turn                g - ring of flight
MPRegen 0.10/turn                (no ring)

@: flying
A: large, unfitting armour, tough skin 1
a: no special abilities


You were on level 5 of the Dungeon.
You visited 1 branch of the dungeon, and saw 5 of its levels.

You collected 187 gold pieces.

Inventory:

Hand Weapons
 a - a +0 mace (weapon)
Armour
 b - a +0 robe (worn)
 n - a +0 cloak (worn)
Jewellery
 g - a ring of flight (left hand)
 m - a ring of wizardry
 s - an amulet of guardian spirit
Wands
 e - a wand of roots (7)
 o - a wand of flame (20)
Scrolls
 d - a scroll of teleportation {unknown}
 h - a scroll of blinking {unknown}
 i - a scroll of enchant weapon {unknown}
 j - 8 scrolls of identify {unknown}
 p - 2 scrolls of enchant armour {unknown}
 q - a scroll of fear {unknown}
Potions
 k - a potion of mutation {unknown}
 l - 2 potions of degeneration {unknown}
 r - a potion of berserk rage {unknown}


   Skills:
 - Level 4.0 Fighting
 + Level 7.3 Maces & Flails
 - Level 2.6 Dodging
 - Level 1.4 Stealth


You had 6 spell levels left.
You didn't know any spells.
Your spell library contained the following spells:

 Spells                   Type           Power      Damage    Failure   Level
 Beastly Appendage        Tmut           0%         N/A       30%         1
 Necrotise                Necr           0%         1d4       30%         1
 Wereblood                Tmut           0%         N/A       43%         2
 Spider Form              Tmut/Pois      0%         N/A       67%         3
 Vampiric Draining        Necr           0%         2d6       67%         3
 Agony                    Necr           0%         N/A       100%        5
 Summon Forest            Summ/Tloc      0%         N/A       100%        5
 Eringya's Noxious Bog    Tmut/Pois      0%         N/A       100%        6
 Summon Hydra             Summ           0%         N/A       100%        7


Dungeon Overview and Level Annotations

Branches:
Dungeon (5/15)
 Temple: D:4-7

Altars:
Vehumet

Portals:
Abyss: D:5

Annotations:
D:5 2 transporters, porpoise's ghost, novice DsMo


Innate Abilities, Weirdness & Mutations

You are too large for most types of armour.
You have tough skin. (AC +1)


Message History

You thump the orc priest!
You kill the orc priest!
The orc barely misses you. The orc priest barely misses you.
You closely miss the orc priest. The orc hits you but does no damage.
The orc priest mumbles some strange prayers to Beogh against you.
Beogh smites you!
* * * LOW HITPOINT WARNING * * *
You are confused.
You feel invigorated.
The orc priest hits you with a +0 flail.
* * * LOW HITPOINT WARNING * * *
The orc hits you with a +0 hand axe.
* * * LOW HITPOINT WARNING * * *
You're too confused to move!
The orc priest barely misses you. The orc hits you with a +0 hand axe.
You bump into the rock wall.
You feel less invigorated.
You feel less confused. The orc hits you with a +0 hand axe.
The orc priest closely misses you.
You hit the orc priest.
The orc priest is moderately wounded.
The orc priest invokes the aid of Beogh against you.
Pain shoots through your body!
* * * LOW HITPOINT WARNING * * *
The orc hits you but does no damage.
A jelly comes into view.
You feel better.
The orc priest hits you with a +0 flail.
* * * LOW HITPOINT WARNING * * *
The orc barely misses you.
You hit the orc priest.
The orc priest is moderately wounded.
The orc priest hits you but does no damage.
The orc hits you with a +0 hand axe.
* * * LOW HITPOINT WARNING * * *
You barely miss the orc priest.
The orc priest is moderately wounded.
The orc misses you.
The orc priest calls down the wrath of Beogh upon you.
Beogh smites you!
You die...

#.########
############)######## #.
...............#.. #.
....##...#.##.#.#
#.#.##...##..#....... # #.
....##..#...#.#..
..#.##.#####..#.#.........
......)$.##..#.#....##.#..
...#...o@....#....###.#..
#..)o....#.....###.#..
...........#.#...........
####......#.#....##.#.#.#
.......#..##...# ...#.#
.......#...# ...##P.P#..
...........## .##### #..
.....##.#### #P. ...


You could see an orc priest and an orc.

Vanquished Creatures
  A phantom (D:5)
  A scorpion (D:4)
  2 howler monkeys (D:5)
  An orc priest (D:5)
  Crazy Yiuf (D:3)
  Natasha (thrice) (D:3)
  4 gnolls (D:3)
  4 adders
  3 dart slugs
  An orc (D:5)
  7 ball pythons
  9 endoplasms
  6 giant cockroaches
  9 goblins
  10 hobgoblins
  4 jackals (D:1)
  7 kobolds
  4 quokkas
  A bat (D:3)
  4 frilled lizards
  A rat (D:1)
83 creatures vanquished.

Vanquished Creatures (others)
  A fungus (D:3)
1 creature vanquished.

Grand Total: 84 creatures vanquished

Notes
Turn   | Place    | Note
-------+----------+-------------------------------------------
     0 | D:1      | Maxmaps the Ogre Monk began the quest for the Orb.
     0 | D:1      | Reached XP level 1. HP: 24/24 MP: 1/1
   101 | D:1      | Reached skill level 3 in Maces & Flails
   125 | D:1      | Reached XP level 2. HP: 28/32 MP: 2/2
   371 | D:1      | Reached XP level 3. HP: 39/39 MP: 3/3
   661 | D:1      | Identified the +7 falchion "Bid Qepp" {vorpal, rPois rN+}
   781 | D:1      | Reached skill level 4 in Maces & Flails
  1472 | D:2      | Reached XP level 4. HP: 41/48 MP: 4/4
  2073 | D:3      | HP: 1/48 [gnoll/+0 halberd (7)]
  2078 | D:3      | HP: 2/48 [gnoll/+0 halberd (11)]
  2082 | D:3      | Reached skill level 5 in Maces & Flails
  2083 | D:3      | Reached XP level 5. HP: 13/54 MP: 5/5
  2460 | D:3      | Noticed Natasha
  2469 | D:3      | Killed Natasha
  2923 | D:3      | Found a runed translucent door.
  2924 | D:3      | Noticed Crazy Yiuf
  2945 | D:3      | Noticed Natasha
  2958 | D:3      | Killed Natasha
  3070 | D:3      | Killed Crazy Yiuf
  3169 | D:3      | Noticed Natasha
  3176 | D:3      | Killed Natasha
  3177 | D:3      | Reached skill level 6 in Maces & Flails
  3177 | D:3      | Reached XP level 6. HP: 36/62 MP: 6/6
  4292 | D:5      | Entered Level 5 of the Dungeon
  4340 | D:5      | Found a radiant altar of Vehumet.
  4417 | D:5      | Found a transporter.
  4537 | D:5      | Found a transporter.
  4537 | D:5      | Found a one-way gate to the infinite horrors of the Abyss.
  4537 | D:5      | Noticed porpoise's ghost (novice DsMo)
  4538 | D:5      | Noticed a small abomination
  4538 | D:5      | Noticed a small abomination
  4747 | D:5      | Reached skill level 7 in Maces & Flails
  4747 | D:5      | Reached XP level 7. HP: 48/70 MP: 7/7
  4889 | D:5      | Killed from afar by an orc priest

Illustrated notes

Levels and vault maps discovered:
D:1:      elethiomel_arrival_maze, layout_loops_ring, serial_park_tiny_2,
          minivault_5, chequers_serial_rivers_micro_c
D:2:      layout_loops_cross
D:3:      layout_loops_cross, amcnicky_mini_rare_corridor_liquid,
          serial_bayou_crossing, uniq_natasha, uniq_crazy_yiuf_cottage
D:4:      layout_cave_pods, kennysheep_nondescript, grunt_decor_cap
D:5:      layout_basic, vehumet_altar_wand_db,
          minmay_temple_entry_gardened_gates, gammafunk_ghost_abyssal_escape,
          hangedman_abyss_or_decor_slice

Skill      XL: |  1  2  3  4  5  6 |
---------------+-------------------+-----
Maces & Flails | 3 4 5 6 7 |  7.3
Fighting       | |  4.0
Dodging        | |  2.6
Stealth        | |  1.4

Action                   |  1- 3 |  4- 6 |  7- 9 || total
-------------------------+-------+-------+-------++-------
Melee: Mace              |   106 |   189 |    16 ||   311
       Punch             |     2 |       |       ||     2
  Use: Potion            |       |     5 |     2 ||     7
 Stab: Sleeping          |     5 |     6 |       ||    11
       Distracted        |       |     1 |       ||     1
Armor: Robe              |    34 |    42 |     5 ||    81
Dodge: Dodged            |    68 |    96 |    17 ||   181

Table legend: (Time is in decaauts)
 A = Elapsed time spent in this place.
 B = Non-inter-level travel time spent in this place.
 C = Inter-level travel time spent in this place.
 D = Time resting spent in this place.
 E = Time spent auto-exploring this place.
 F = Levels seen in this place.
 G = Mean time per level.
                   A        B        C        D        E       F      G
               +--------+--------+--------+--------+--------+-----+--------+
         Total |   4955 |   4855 |    100 |    684 |   3367 |   5 |  991.0 |
       Dungeon |   4955 |   4855 |    100 |    684 |   3367 |   5 |  991.0 |
               +--------+--------+--------+--------+--------+-----+--------+

Top non-repeatable levels by time:
     D:3: 1470 daAuts
     D:1: 1166 daAuts
     D:4: 1131 daAuts
     D:2: 712 daAuts
     D:5: 474 daAuts
